 Dungeon Crawl Stone Soup version 0.28-a0-863-g8cecda6153 (webtiles) character file.

Game seed: 5593019752514589130

94 Peloso the Covered (level 4, 0/40 HPs)
             Began as a Minotaur Fighter on Nov 18, 2021.
             Slain by Natasha (4 damage)
             ... on level 2 of the Dungeon.
             The game lasted 00:04:22 (2044 turns).

Peloso the Covered (Minotaur Fighter)               Turns: 2044, Time: 00:04:22

Health: 0/40       AC: 12    Str: 21    XL:     4   Next: 38%
Magic:  3/3        EV:  6    Int:  5    God:
Gold:   95         SH:  4    Dex: 10    Spells: 3/3 levels left

rFire   . . .      SeeInvis .   a - +0 long sword
rCold   . . .      Faith    .   c - +0 buckler
rNeg    . . .      Spirit   .   i - +0 plate armour
rPois   .          Reflect  .   (helmet restricted)
rElec   .          Harm     .   (no cloak)
rCorr   .          Rampage  .   (no gloves)
Will    .....                   (no boots)
Stlth   ..........              (no amulet)
HPRegen 0.13/turn               (no ring)
MPRegen 0.08/turn               (no ring)

@: no status effects
A: horns 2, retaliatory headbutt
a: no special abilities


You were on level 2 of the Dungeon.
You visited 1 branch of the dungeon, and saw 2 of its levels.

You collected 95 gold pieces.

Inventory:

Hand Weapons
 a - a +0 long sword (weapon)
Armour
 b - a +0 scale mail
 c - a +0 buckler (worn)
 i - a +0 plate armour (worn)
Wands
 k - a wand of iceblast (8)
Scrolls
 e - a scroll of fear {unknown}
 f - a scroll of teleportation {unknown}
 g - 2 scrolls of identify {unknown}
Potions
 d - a potion of might
 h - a potion of curing
 j - a potion of attraction {unknown}


   Skills:
 + Level 4.2 Fighting
 + Level 3.6 Long Blades
 + Level 4.6 Armour
 + Level 0.3 Dodging
 + Level 4.2 Shields


You had 3 spell levels left.
You didn't know any spells.
Your spell library was empty.

Dungeon Overview and Level Annotations

Branches:
Dungeon (2/15)

Altars:

Shops:
D:1 :   D:2 [

Annotations:
D:2 Natasha


Innate Abilities, Weirdness & Mutations

You have a pair of horns on your head.
You reflexively headbutt those who attack you in melee.


Message History

* * * LOW HITPOINT WARNING * * *
You hit Natasha but do no damage. Your headbutt misses Natasha.
Natasha is moderately wounded.
The white imp closely misses you. Natasha claws you but does no damage.
The white imp hits you but does no damage.
Unknown command.
You hit Natasha.
Natasha is heavily wounded.
Natasha claws you but does no damage. The white imp barely misses you.
Unknown command.
You barely miss Natasha.
Natasha is heavily wounded.
Natasha casts a spell.
The white imp hits you but does no damage.
Unknown command.
You barely miss Natasha. Your headbutt misses Natasha.
Natasha is heavily wounded.
Natasha claws you.
* * * LOW HITPOINT WARNING * * *
The white imp hits you but does no damage.
Natasha drinks a potion.
Natasha is healed!
You hit Natasha.
Natasha is moderately wounded.
The white imp gestures at you.
The puff of frost hits you but does no damage.
Natasha stares at you and mumbles some strange words.
The magic dart hits you.
* * * LOW HITPOINT WARNING * * *
You block the white imp's attack.
You hit Natasha. Your headbutt misses Natasha.
Natasha is severely wounded.
Natasha barely misses you. The white imp hits you.
* * * LOW HITPOINT WARNING * * *
The white imp freezes you.
* * * LOW HITPOINT WARNING * * *
Unknown command.
You closely miss Natasha.
Natasha is severely wounded.
Natasha claws you.
You die...

#.......##.#
#..........#
####.......#
#.......#
#.......#
###.#+#+#.#####
#.....?........
###5#....)#.##.#.
#<.@h5......#
#####...........
###..........
#.##....... #.#
...#.#. #..
.....'. ###
..####.


You could see Natasha, a white imp (summoned) and a shadow imp (summoned).

Vanquished Creatures
  Natasha (twice) (D:2)
  An adder (D:2)
  A worm (D:2)
  4 bats
  5 endoplasms
  3 giant cockroaches (D:1)
  5 hobgoblins
  2 kobolds
  A quokka (D:2)
  3 ball pythons
  3 goblins
  4 rats
34 creatures vanquished.

Notes
Turn   | Place    | Note
-------+----------+-------------------------------------------
     0 | D:1      | Peloso the Minotaur Fighter began the quest for the Orb.
     0 | D:1      | Reached XP level 1. HP: 19/19 MP: 0/0
   234 | D:1      | Found Tamur's Book Emporium.
   447 | D:1      | Reached XP level 2. HP: 22/27 MP: 1/1
  1197 | D:1      | Found a faded altar of an unknown god.
  1434 | D:2      | Reached XP level 3. HP: 33/33 MP: 2/2
  1499 | D:2      | Noticed Natasha
  1507 | D:2      | Killed Natasha
  1690 | D:2      | Noticed Natasha
  1700 | D:2      | Reached XP level 4. HP: 39/40 MP: 3/3
  1701 | D:2      | Killed Natasha
  1760 | D:2      | Found Puff's Armour Emporium.
  1866 | D:2      | Noticed Natasha
  2044 | D:2      | Slain by Natasha

Illustrated notes

Levels and vault maps discovered:
D:1:      ncdulo_smallfort, layout_loops_corners,
          nicolae_ecumenical_lake_church, serial_shops, shop
D:2:      layout_basic, serial_shops, shop, shop, uniq_natasha

Skill      XL: |  1  2  3 |
---------------+----------+-----
Armour         | 4 |  4.6
Shields        | 4 |  4.2
Fighting       | 4 |  4.2
Long Blades    | 3 |  3.6
Dodging        | |  0.3

Action                   |  1- 3 |  4- 6 || total
-------------------------+-------+-------++-------
Melee: Long sword        |    69 |    18 ||    87
       Headbutt          |     7 |       ||     7
Armor: Scale mail        |    18 |       ||    18
       Plate armour      |    14 |     8 ||    22
Dodge: Dodged            |    30 |     8 ||    38
Block: Buckler           |    21 |     5 ||    26

Table legend: (Time is in decaauts)
 A = Elapsed time spent in this place.
 B = Non-inter-level travel time spent in this place.
 C = Inter-level travel time spent in this place.
 D = Time resting spent in this place.
 E = Time spent auto-exploring this place.
 F = Levels seen in this place.
 G = Mean time per level.
                   A        B        C        D        E       F      G
               +--------+--------+--------+--------+--------+-----+--------+
         Total |   2078 |   2042 |     36 |    148 |   1610 |   2 | 1039.0 |
       Dungeon |   2078 |   2042 |     36 |    148 |   1610 |   2 | 1039.0 |
               +--------+--------+--------+--------+--------+-----+--------+

Top non-repeatable levels by time:
     D:1: 1591 daAuts
     D:2: 487 daAuts
